 Dungeon Crawl Stone Soup version 0.22-a0-612-gd2f0174 (webtiles) character file.

310391 sking99 the Brawler (level 20, -9/196 HPs)
             Began as a Troll Monk on July 11, 2018.
             Was the Champion of Makhleb.
             Splashed by a lich's acid (13 damage)
             ... on level 4 of the Vaults.
             The game lasted 02:29:14 (37954 turns).

sking99 the Brawler (Troll Monk)                   Turns: 37954, Time: 02:29:14

Health: -9/196     AC: 11    Str: 26    XL:     20   Next: 39%
Magic:  27/27      EV: 15    Int: 10    God:    Makhleb [******]
Gold:   3556       SH: 21    Dex: 18    Spells: 12/19 levels left

rFire    + + .     SeeInvis .     - Unarmed
rCold    . . .     Gourm    +   T - +1 large shield
rNeg     . . .     Faith    .   j - +0 swamp dragon scales
rPois    +         Spirit   .   U - +2 hat of the Oligarchy {rF++ Slay+6 Stlth-}
rElec    .         Reflect  .   f - +2 cloak
rCorr    .         Harm     .   (gloves unavailable)
MR       +++..                  (boots unavailable)
Stlth    ..........             n - amulet of regeneration
HPRegen  1.22/turn              z - ring of protection from magic
MPRegen  0.20/turn              q - ring of protection from magic

@: corroded, very slightly contaminated
A: large, unfitting armour, claws 3, iridescent scales 1, agile 2, fast
metabolism 3, gourmand, regeneration 1, shaggy fur 1, strong 1, tough skin 2
}: 2/15 runes: decaying, serpentine
a: Minor Destruction, Lesser Servant of Makhleb, Major Destruction, Greater
Servant of Makhleb, Renounce Religion


You were on level 4 of the Vaults.
You worshipped Makhleb.
Makhleb was exalted by your worship.
You were very full.

You visited 7 branches of the dungeon, and saw 36 of its levels.
You visited the Abyss 2 times.
You also visited: Labyrinth and Bailey.

You collected 3808 gold pieces.
You spent 252 gold pieces at shops.

Inventory:

Missiles
 I - 65 large rocks
 O - 17 javelins (quivered)
Armour
 f - a +2 cloak (worn)
 j - +0 swamp dragon scales (worn)
 T - a +1 large shield (worn)
 U - the +2 hat of the Oligarchy (worn) {rF++ Slay+6 Stlth-}
   (You found it on level 13 of the Dungeon)

   It affects your accuracy and damage with ranged weapons and melee attacks
   (+6).
   It greatly protects you from fire.
   It makes you less stealthy.
Magical Staves
 a - an uncursed staff of wizardry
Jewellery
 n - an amulet of regeneration (around neck)
 q - a ring of protection from magic (right claw)
 z - a ring of protection from magic (left claw)
 E - the ring "Sieneroa" {rF+ EV+3 Dex+2}
   (You found it on level 4 of the Lair of Beasts)

   [ring of evasion]

   It affects your evasion (+3).
   It affects your dexterity (+2).
   It protects you from fire.
 G - a +4 ring of strength
 L - an uncursed ring of flight
 Q - an uncursed ring of see invisible
 R - a +5 ring of evasion
 X - an uncursed ring of positive energy
Wands
 l - a wand of enslavement (18)
 r - a wand of acid (12)
 t - a wand of clouds (6)
 y - a wand of iceblast (39)
 A - a wand of flame (14)
 F - a wand of digging (16)
 K - a wand of paralysis (28)
Scrolls
 d - 7 scrolls of magic mapping
 e - 7 scrolls of teleportation
 g - a scroll of fear
 h - 3 scrolls of fog
 i - 6 scrolls of enchant weapon
 o - 18 scrolls of remove curse
 v - 9 scrolls of identify
 w - a scroll of enchant armour
 B - 8 scrolls of amnesia
 D - a scroll of blinking
 J - a scroll of holy word
 N - 4 scrolls of immolation
Potions
 c - 3 potions of brilliance
 k - 9 potions of curing
 p - 6 potions of ambrosia
 s - 4 potions of flight
 u - 3 potions of mutation
 x - 2 potions of cancellation
 C - 3 potions of magic
 M - a potion of invisibility
 P - a potion of resistance
 S - 5 potions of might
 V - 2 potions of berserk rage
 W - 5 potions of haste
 Y - a potion of agility
 Z - 5 potions of heal wounds
Miscellaneous
 H - a phantom mirror
Comestibles
 b - 75 rations
 m - 36 chunks of flesh


   Skills:
 - Level 11.5 Fighting
 - Level 5.2 Throwing
 - Level 6.8 Armour
 - Level 10.6 Dodging
 - Level 1.0 Stealth
 * Level 12.0 Shields
 - Level 20.0 Unarmed Combat
 - Level 4.0 Hexes
 + Level 10.1 Transmutations
 + Level 11.8 Earth Magic
 - Level 11.2 Invocations


You had 12 spell levels left.
You knew the following spells:

 Your Spells              Type           Power        Failure   Level  Hunger
a - Statue Form           Tmut/Erth      ###......    86%         6    #######
b - Confusing Touch       Hex            #.....       21%         1    ##.....

Your spell library contained the following spells:

 Spells                   Type           Power        Failure   Level  Hunger
 Cause Fear               Hex            #.........   89%         4    #####..
 Magic Dart               Conj           #...         71%         1    ##.....
 Apportation              Tloc           #.....       71%         1    ##.....
 Conjure Flame            Conj/Fire      #.......     97%         3    ####...
 Bolt of Fire             Conj/Fire      #.........   100%        6    #######
 Lightning Bolt           Conj/Air       #.........   100%        5    ######.
 Slow                     Hex            #.......     30%         2    ###....
 Confuse                  Hex            #.......     52%         3    ####...
 Invisibility             Hex            #.......     100%        6    #######
 Throw Flame              Conj/Fire      #.....       83%         2    ###....
 Throw Frost              Conj/Ice       #.....       83%         2    ###....
 Mephitic Cloud           Conj/Pois/Air  #.......     97%         3    ####...
 Summon Small Mammal      Summ           #...         71%         1    ##.....
 Blink                    Tloc           N/A          83%         2    ###....
 Animate Skeleton         Necr           N/A          71%         1    ##.....
 Freeze                   Ice            #...         71%         1    ##.....
 Ozocubu's Refrigeration  Ice            #.........   100%        6    #######
 Summon Ice Beast         Ice/Summ       #.......     100%        4    #####..
 Ozocubu's Armour         Chrm/Ice       #.......     97%         3    ####...
 Call Imp                 Summ           #.......     83%         2    ###....
 Sublimation of Blood     Necr           #.........   83%         2    ###....
 Tukima's Dance           Hex            #.......     52%         3    ####...
 Summon Demon             Summ           #.........   100%        5    ######.
 Swiftness                Chrm/Air       #.......     83%         2    ###....
 Spider Form              Tmut/Pois      ##........   36%         3    ####...
 Blade Hands              Tmut           ###.......   41%         5    ######.
 Ice Form                 Ice/Tmut       ##......     78%         4    #####..
 Dragon Form              Tmut           ###.......   100%        7    #######
 Throw Icicle             Conj/Ice       #.......     100%        4    #####..
 Flame Tongue             Conj/Fire      #....        71%         1    ##.....
 Passwall                 Tmut/Erth      ###.....     1%          2    ###....
 Ignite Poison            Fire/Tmut/Pois #.......     61%         3    ####...
 Sticks to Snakes         Tmut           ###.....     2%          2    ###....
 Ensorcelled Hibernation  Hex/Ice        #.....       56%         2    ###....
 Summon Butterflies       Summ           #.......     71%         1    ##.....
 Silence                  Hex/Air        #.........   100%        5    ######.
 Corona                   Hex            #......      21%         1    ##.....
 Alistair's Intoxication  Tmut/Pois      ##......     98%         5    ######.
 Lee's Rapid Deconstruct  Erth           ###.......   22%         5    ######.
 Simulacrum               Ice/Necr       #.........   100%        6    #######
 Portal Projectile        Hex/Tloc       #.....       80%         3    ####...
 Petrify                  Tmut/Erth      ###.....     11%         4    #####..
 Passage of Golubria      Tloc           N/A          100%        4    #####..
 Leda's Liquefaction      Hex/Erth       ###.......   36%         4    #####..
 Darkness                 Hex            #.........   100%        6    #######
 Inner Flame              Hex/Fire       #.......     80%         3    ####...
 Beastly Appendage        Tmut           ###...       1%          1    ##.....
 Dazzling Spray           Conj/Hex       #.....       80%         3    ####...
 Irradiate                Conj/Tmut      ##........   98%         5    ######.
 Lesser Beckoning         Tloc           #.........   97%         3    ####...


Dungeon Overview and Level Annotations

Branches:
Dungeon (15/15)            Temple (1/1) D:4            Lair (6/6) D:9
  Swamp (4/4) Lair:4        Snake (4/4) Lair:3        Slime (0/5) Lair:5
    Orc (2/2) D:12            Elf (0/3) Orc:2        Vaults (4/5) D:13
  Crypt (0/3) Vaults:3     Depths (0/5) D:15

Altars:
Ashenzari
Cheibriados
Dithmenos
Elyvilon
Fedhas
Gozag
Hepliaklqana
Kikubaaqudgha
Makhleb
Nemelex Xobeh
Okawaru
Qazlal
Ru
Sif Muna
Trog
Uskayaw
Vehumet
Wu Jian
Xom
Yredelemnul
Zin
The Shining One
Beogh
Jiyva

Shops:
D:15 [   Orc:1 !   Orc:2 [*:(   Vaults:3 ?

Annotations:
D:5 2 runed doors, sking99's ghost, amateur DrTm
Lair:1 3 runed doors, Meatbag's ghost, journeyman MiBe
Snake:1 1 transporter, TheNamelessOne's ghost, adept DgCj


Innate Abilities, Weirdness & Mutations

You are too large for most types of armour.
You have claws for hands.
Your metabolism is lightning-fast.
You like to eat raw meat.
Your natural rate of healing is unusually fast.
You are covered in fur. (AC +1)
You have very tough skin. (AC +2)
You are partially covered in iridescent scales. (AC +2)
You are very agile. (Dex +4)
Your muscles are strong. (Str +2)


Message History

The tengu reaver is moderately wounded.
The lich casts a spell at you. The bolt of acid hits you!
* * * LOW HITPOINT WARNING * * *
The acid corrodes you!
You are splashed with acid!
The acid burns!
* * * LOW HITPOINT WARNING * * *
Blink to where?
Press: ? - help, Dir - move target cursor You are very lightly contaminated with residual magic.
As you read the scroll of blinking, it crumbles to dust.
You close the door.
The tengu reaver gestures wildly while chanting.
The tengu reaver conjures a globe of magical energy!
A battlesphere comes into view.
Okay, then.
The lich gestures at you while chanting.
The bolt of acid hits you!
* * * LOW HITPOINT WARNING * * *
You are splashed with acid!
The acid burns!
You die...

...........# #+###
########'### ......
#...#..# #....≈. #####
##.....# #..≈... ....#
#....## #...... ....#
##....#########.≈.... ....#
### ##...'.......#......
....# #.###
##..#.......+..≈... ....#
#...## ##.@.#.......#....≈.
....#
#....###....#.......#......
....#
##....#..8..#.......#####+#
....# #...*L......#.......#
##.# ....#
#..#........#.......# ##^).
#'######+##########.......#
#.... .........#
#######'####..> .....(...#
#.....##.... .........#
##...####^..


You could see a lich.

Vanquished Creatures
  Mara (Swamp:3)
  A bone dragon (Abyss:2)
  Jorgrun (Swamp:4)
  A lich (Vaults:3)
  A tentacled starspawn (Abyss:2)
  2 thorn hunters
  Frances (D:14)
  Roxanne (Swamp:4)
  Kirke (D:15)
  2 fire giants
  9 nagarajas
  An orc warlord (Orc:2)
  Aizul (Vaults:2)
  8 vault wardens
  A frost giant (Vaults:4)
  10 ironheart preservers
  4 stone giants
  2 entropy weavers
  A ghoul (Vaults:3)
  4 very ugly things (Vaults:2)
  A deep elf demonologist (Vaults:3)
  Azrael (Snake:3)
  A minotaur (Lab)
  3 ettins
  3 fire dragons
  Fannar (D:11)
  9 vault guards
  3 yaktaur captains
  12 naga warriors
  Josephine (Lair:5)
  A great orb of eyes (Abyss:2)
  Harold (Lair:3)
  A ghost crab (Swamp:3)
  13 hydras
  2 catoblepae
  An anaconda (shapeshifter) (Vaults:3)
  3 merfolk avatars (Swamp:3)
  44 two-headed ogres
  3 centaur warriors
  3 death knights
  11 anacondas
  2 deep troll earth magi (Vaults:4)
  A death yak (Lair:6)
  4 orc high priests
  9 alligators
  A tengu warrior (D:15)
  16 ogre magi
  6 shock serpents
  Urug (D:15)
  A vampire mage (Vaults:3)
  4 naga sharpshooters (Snake:4)
  3 starcursed masses (Abyss:2)
  A skeletal warrior (Vaults:1)
  3 deep elf knights
  A spatial maelstrom (Abyss:2)
  A wretched star (Abyss:2)
  5 salamander mystics
  A shadow wraith (Vaults:2)
  3 unseen horrors
  8 deep trolls
  A spriggan druid (Swamp:3)
  4 wizards
  Pikel (D:5)
  9 naga ritualists
  4 deep elf archers
  12 orc knights
  12 swamp dragons
  2 flayed ghosts
  2 glowing orange brains
  2 necromancers (D:13)
  2 lindwurms (Lair:6)
  A shambling mangrove (Swamp:2)
  9 ironbrand convokers
  A wolf spider zombie (D:12)
  13 ugly things
  4 wolf spiders
  7 deep elf magi
  4 orc sorcerers
  6 harpies
  2 manticores
  11 mana vipers
  A salamander (shapeshifter) (Vaults:4)
  7 salamanders
  10 cyclopes
  A worldbinder (Abyss:3)
  6 elephants (Lair:3)
  16 naga magi
  31 black mambas
  A large abomination (Abyss:2)
  3 guardian serpents (Snake:4)
  2 molten gargoyles (Lair:6)
  4 gargoyles (Lab)
  7 vault sentinels
  20 spiny frogs
  3 rime drakes
  7 freezing wraiths
  2 komodo dragons (shapeshifter) (Vaults:1)
  29 yaktaurs
  2 ancient zymes (Abyss:2)
  16 komodo dragons
  A jumping spider (shapeshifter) (Vaults:1)
  A polar bear (Lair:6)
  6 trolls
  9 tyrant leeches
  A polar bear (shapeshifter) (Vaults:2)
  4 hornets
  2 blink frogs (shapeshifter)
  5 dream sheep (Lair:4)
  10 hippogriffs
  35 slime creatures
  13 bog bodies
  10 blink frogs
  5 wraiths
  2 redbacks
  2 shadows (Swamp:2)
  28 yaks
  2 spriggans
  A water elemental (D:15)
  2 hogs (shapeshifter)
  2 hogs (D:15)
  A fire elemental (Snake:3)
  14 basilisks
  A vampire (D:11)
  Sigmund (D:2)
  14 humans (D:13)
  Grum (D:9)
  4 wyverns
  A hungry ghost (D:13)
  16 vampire mosquitoes
  3 steam dragons
  3 small abominations (Abyss:2)
  2 chaos spawn
  Menkaure (D:7)
  4 insubstantial wisps
  40 nagas
  5 wargs
  4 acid dragons
  15 water moccasins
  9 swamp worms
  Duvessa (D:6)
  6 hell hounds
  7 porcupines
  8 swamp drakes
  41 orc warriors
  An eye of draining (D:12)
  2 necrophages
  2 ice beasts
  5 sky beasts
  3 black bears
  3 phantoms
  28 wolves
  An ogre (shapeshifter) (Vaults:4)
  52 ogres
  A boggart (Vaults:1)
  32 centaurs
  Blork the orc (D:6)
  2 big kobolds
  7 crocodiles
  19 bullfrogs
  Dowan (D:6)
  A scorpion (D:9)
  3 killer bees (D:13)
  An orc simulacrum (Vaults:1)
  6 howler monkeys
  14 wights
  7 electric eels
  7 crimson imps
  2 quasits
  A centaur zombie (D:12)
  8 lava snakes
  8 hounds
  A bullfrog zombie (D:5)
  A human simulacrum (Vaults:1)
  18 orc priests
  4 bullfrog skeletons
  2 centaur skeletons
  7 jellies
  13 orc wizards
  3 iguanas
  9 worker ants
  A hound zombie (D:6)
  A hound skeleton (D:10)
  A howler monkey zombie (D:8)
  15 gnolls
  22 adders
  6 shadow imps
  5 oozes
  2 adder zombies
  A worm (D:6)
  5 leopard geckos
  38 orcs
  3 ball pythons
  5 giant cockroaches
  11 goblins
  11 hobgoblins
  6 jackals
  10 kobolds
  4 quokkas
  9 bats
  4 frilled lizards
  6 rats
  A bush (D:5)
  5 plants
1310 creatures vanquished.

Vanquished Creatures (collateral kills)
  the Lernaean hydra (Swamp:4)
  Rupert (Lair:5)
  A thorn hunter (Swamp:4)
  Nessos (Lair:4)
  The ghost of Yngaplae the Slicer, a journeyman VSMo of Okawaru (Orc:1)
  8 hydras
  4 death yaks (Lair:6)
  An alligator (Swamp:3)
  3 deep elf magi (Vaults:1)
  2 spiny frogs
  2 komodo dragons (Lair:6)
  A polar bear (Lair:4)
  2 slime creatures (Swamp:4)
  Prince Ribbit (D:9)
  3 bog bodies
  A blink frog (Lair:4)
  A hippogriff (Lair:6)
  2 basilisks (Lair:3)
  A naga (Snake:4)
  An insubstantial wisp (Swamp:4)
  A porcupine (Lair:4)
  An orc warrior (Bailey)
  A swamp drake (Swamp:4)
  2 wolves (Lair:6)
  A bullfrog (Lair:5)
  A crimson imp (D:9)
  A goblin (Bailey)
  A hobgoblin (Bailey)
  2 briar patches (Swamp:4)
  2 fungi
  3 plants (Lair:6)
54 creatures vanquished.

Vanquished Creatures (others)
  A black mamba (Lair:6)
  A spiny frog (Lair:5)
  A basilisk (Lair:6)
  A human (D:15)
  An ogre (Vaults:4)
  A bullfrog (D:15)
  A shadow imp (D:15)
  8 briar patches (Swamp:4)
  A bush (Lair:2)
  3 butterflies (Lair:5)
  37 fungi
  71 plants
  2 starspawn tentacles (Abyss:2)
129 creatures vanquished.

Grand Total: 1493 creatures vanquished

Notes
Turn   | Place    | Note
-------+----------+-------------------------------------------
     0 | D:1      | sking99 the Troll Monk began the quest for the Orb.
     0 | D:1      | Reached XP level 1. HP: 22/22 MP: 0/0
   117 | D:1      | Reached XP level 2. HP: 20/29 MP: 1/1
   825 | D:2      | Reached XP level 3. HP: 36/36 MP: 2/2
   907 | D:2      | Noticed Sigmund
   928 | D:2      | Killed Sigmund
   928 | D:2      | Reached skill level 4 in Unarmed Combat
   928 | D:2      | Reached XP level 4. HP: 45/45 MP: 3/3
   928 | D:2      | Reached XP level 5. HP: 53/53 MP: 4/4
  2272 | D:3      | Reached XP level 6. HP: 62/62 MP: 5/5
  2674 | D:4      | Reached skill level 5 in Unarmed Combat
  2827 | D:4      | Reached XP level 7. HP: 66/70 MP: 6/6
  2936 | D:4      | Found an opulent altar of Gozag.
  3195 | D:4      | Found a staircase to the Ecumenical Temple.
  3253 | Temple   | Entered the Ecumenical Temple
  3389 | Temple   | Became a worshipper of Makhleb the Destroyer
  3389 | Temple   | Reached * piety under Makhleb
  3389 | Temple   | Reached ** piety under Makhleb
  3464 | D:5      | Entered Level 5 of the Dungeon
  3474 | D:5      | Found a white marble altar of Elyvilon.
  3476 | D:5      | Found a sparkling altar of Nemelex Xobeh.
  3518 | D:5      | Found a large runed door.
  3518 | D:5      | Found a large runed door.
  3789 | D:5      | Noticed sking99's ghost (amateur DrTm)
  3900 | D:5      | Reached skill level 5 in Fighting
  3900 | D:5      | Reached skill level 5 in Dodging
  3900 | D:5      | Reached skill level 6 in Unarmed Combat
  3910 | D:5      | Reached XP level 8. HP: 76/80 MP: 7/7
  4164 | D:5      | Found a glowing silver altar of Zin.
  4490 | D:6      | Reached skill level 1 in Invocations
  4563 | D:6      | Noticed Dowan
  4565 | D:6      | Noticed Duvessa
  4571 | D:6      | Killed Duvessa
  4573 | D:6      | Killed Dowan
  4573 | D:6      | Reached skill level 7 in Unarmed Combat
  4680 | D:6      | Noticed Pikel
  4680 | D:6      | Noticed Blork the orc
  4688 | D:6      | Killed Blork the orc
  4698 | D:5      | Found an iron altar of Okawaru.
  4698 | D:5      | Found a radiant altar of Vehumet.
  4771 | D:5      | Killed Pikel
  4771 | D:5      | Reached XP level 9. HP: 30/89 MP: 8/10
  5040 | D:6      | Found an ornate altar of the Wu Jian Council.
  5449 | D:7      | Noticed Menkaure
  5461 | D:7      | Killed Menkaure
  5530 | D:7      | Reached *** piety under Makhleb
  5821 | D:7      | Reached skill level 8 in Unarmed Combat
  6730 | D:8      | Reached XP level 10. HP: 99/102 MP: 12/12
  6779 | D:8      | Reached **** piety under Makhleb
  7158 | D:9      | Noticed Prince Ribbit
  7169 | D:9      | Killed Prince Ribbit
  7219 | D:9      | Noticed Grum
  7232 | D:9      | Killed Grum
  7278 | D:9      | Noticed a cyclops
  7290 | D:9      | Killed a cyclops
  7290 | D:9      | Reached skill level 5 in Invocations
  7556 | D:9      | Reached skill level 9 in Unarmed Combat
  7798 | D:9      | Found a staircase to the Lair.
  7841 | D:9      | HP: 7/153 [komodo dragon (6)]
  8099 | D:10     | Entered Level 10 of the Dungeon
  8686 | Lair:1   | Entered Level 1 of the Lair of Beasts
  8705 | Lair:1   | Found a runed gate.
  8812 | Lair:1   | Found a runed gate.
  8813 | Lair:1   | Found a runed gate.
  8813 | Lair:1   | Noticed Meatbag's ghost (journeyman MiBe)
  8824 | Lair:1   | Noticed a black mamba
  8831 | Lair:1   | Killed a black mamba
  8931 | Lair:1   | Noticed a black mamba
  8940 | Lair:1   | Killed a black mamba
  8940 | Lair:1   | Reached XP level 11. HP: 74/111 MP: 13/13
  9289 | Lair:1   | Reached skill level 10 in Unarmed Combat
  9470 | Lair:1   | Found a sacrificial altar of Ru.
  9648 | Lair:1   | Found a viscous altar of Jiyva.
  9902 | Lair:2   | Reached ***** piety under Makhleb
 10069 | Lair:2   | Noticed a catoblepas
 10082 | Lair:2   | Killed a catoblepas
 10179 | Lair:2   | Reached skill level 11 in Unarmed Combat
 10836 | Lair:2   | Reached XP level 12. HP: 124/124 MP: 14/14
 11610 | Lair:3   | Noticed Harold
 11774 | Lair:3   | Killed Harold
 11776 | Lair:3   | Reached skill level 10 in Dodging
 11824 | Lair:3   | Found a staircase to the Snake Pit.
 11908 | Lair:3   | Identified a scroll of acquirement
 11919 | Lair:3   | Reached skill level 10 in Fighting
 12104 | Lair:3   | Reached skill level 12 in Unarmed Combat
 12875 | Lair:4   | Noticed a four-headed hydra
 12887 | Lair:4   | Killed a five-headed hydra
 12944 | Lair:4   | Noticed Nessos
 12958 | Lair:4   | Killed Nessos
 13010 | Lair:4   | Found a staircase to the Swamp.
 13333 | Lair:4   | Got a shimmering silver ring
 13570 | Lair:4   | Identified the ring "Sieneroa" {rF+ EV+3 Dex+2} (You found it on level 4 of the Lair of Beasts)
 13640 | Lair:5   | Found a staircase to the Slime Pits.
 13685 | Lair:5   | Noticed Josephine
 13691 | Lair:5   | Killed Josephine
 13691 | Lair:5   | Reached skill level 1 in Shields
 13861 | Lair:5   | Reached XP level 13. HP: 135/135 MP: 15/15
 13957 | Lair:5   | Noticed Rupert
 13983 | Lair:5   | Killed Rupert
 14194 | Lair:5   | Reached skill level 13 in Unarmed Combat
 14437 | Lair:6   | Entered Level 6 of the Lair of Beasts
 14571 | Lair:6   | HP: 6/136 [wolf (8)]
 14685 | Lair:6   | Found a labyrinth entrance.
 14694 | Lab      | Entered a labyrinth
 15324 | Lab      | Noticed a minotaur
 15336 | Lab      | Killed a minotaur
 15559 | Lair:6   | Reached skill level 5 in Shields
 15788 | Lair:6   | Reached skill level 14 in Unarmed Combat
 16094 | Lair:6   | Found a large runed door.
 16094 | Lair:6   | Noticed a fire dragon
 16346 | Lair:6   | Reached XP level 14. HP: 139/146 MP: 16/16
 16391 | Lair:6   | Found a large runed door.
 17284 | D:11     | Reached skill level 15 in Unarmed Combat
 17773 | D:11     | Noticed Fannar
 17788 | D:11     | Killed Fannar
 18382 | D:12     | Found a staircase to the Orcish Mines.
 19171 | D:13     | Reached skill level 16 in Unarmed Combat
 19216 | D:13     | Cast into level 2 of the Abyss (a wizard)
 19245 | Abyss:2  | Noticed a bone dragon
 19294 | Abyss:2  | Killed a bone dragon
 19307 | Abyss:2  | Noticed a tentacled starspawn
 19317 | Abyss:2  | Killed a tentacled starspawn
 19323 | Abyss:2  | Noticed a starcursed mass
 19405 | D:13     | Escaped the Abyss
 19605 | D:13     | Reached XP level 15. HP: 154/154 MP: 19/19
 19616 | D:13     | Got a scorched hat
 19627 | D:13     | Identified the +2 hat of the Oligarchy {rF++ Slay+6 Stlth-} (You found it on level 13 of the Dungeon)
 19659 | D:13     | Found a gate to the Vaults.
 19662 | D:13     | Found the +4 robe of Augmentation {Str+4 Int+4 Dex+4}
 19744 | D:13     | Reached skill level 17 in Unarmed Combat
 19913 | D:14     | Learned a level 1 spell: Confusing Touch
 20063 | D:14     | Noticed Frances
 20092 | D:14     | Killed Frances
 20121 | D:14     | Found a flagged portal.
 20131 | Bailey   | Entered a bailey
 20179 | Bailey   | Found an iron altar of Okawaru.
 20221 | Bailey   | Reached skill level 1 in Hexes
 20367 | Bailey   | Found the +4 dagger "Morg" {pain, MR+ Int+5}
 20612 | Bailey   | Got a brightly glowing cloak
 20623 | Bailey   | Identified the +2 cloak of the Pure Stars {-Tele Dex+6} (You acquired it in a bailey)
 21227 | D:14     | Reached ****** piety under Makhleb
 21354 | D:15     | Entered Level 15 of the Dungeon
 21365 | D:15     | Found Regho's Specialty Armours.
 21509 | D:15     | Noticed Urug
 21518 | D:15     | Killed Urug
 21573 | D:15     | Noticed Kirke
 21587 | D:15     | Killed Kirke
 21812 | D:15     | Found a staircase to the Depths.
 21816 | D:15     | Reached skill level 18 in Unarmed Combat
 22744 | Orc:1    | Entered Level 1 of the Orcish Mines
 22744 | Orc:1    | Found a runed door.
 22745 | Orc:1    | Noticed Yngaplae's ghost (journeyman VSMo)
 22823 | Orc:1    | Found Syshruosegg's Distillery.
 22824 | Orc:1    | Found a roughly hewn altar of Beogh.
 23276 | Orc:1    | Killed Yngaplae's ghost
 23278 | Orc:1    | Identified the Almanac of Calling and the Frostbite
 23291 | Orc:2    | Entered Level 2 of the Orcish Mines
 23318 | Orc:2    | Found Roin Oqoim's Antique Armour Emporium.
 23351 | Orc:2    | Found a staircase to the Elven Halls.
 23391 | Orc:2    | Found Ponietit's General Store.
 23502 | Orc:2    | Noticed an orc warlord
 23532 | Orc:2    | Gained mutation: You occasionally shout uncontrollably at your foes. [a cacodemon]
 23534 | Orc:2    | Gained mutation: You are weak. (Str -2) [a cacodemon]
 23624 | Orc:2    | Gained mutation: Scrolls take you a little longer to read. [a cacodemon]
 23669 | Orc:2    | Killed an orc warlord
 23669 | Orc:2    | Reached XP level 16. HP: 163/163 MP: 22/22
 23772 | Orc:2    | Found Atzufogh's Book Boutique.
 23787 | Orc:2    | Found Opod's Antique Weapon Shop.
 23791 | Orc:2    | Reached skill level 10 in Invocations
 24003 | Orc:2    | Lost mutation: You are weak. (Str -2) [potion of mutation]
 24003 | Orc:2    | Lost mutation: You occasionally shout uncontrollably at your foes. [potion of mutation]
 24003 | Orc:2    | Gained mutation: You are partially covered in icy blue scales. (AC +2) [potion of mutation]
 24003 | Orc:2    | Gained mutation: You tend to lose your temper in combat. [potion of mutation]
 24003 | Orc:2    | Gained mutation: You are clumsy. (Dex -2) [potion of mutation]
 24003 | Orc:2    | Lost mutation: You are clumsy. (Dex -2) [potion of mutation]
 24004 | Orc:2    | Lost mutation: You are partially covered in icy blue scales. (AC +2) [potion of mutation]
 24004 | Orc:2    | Lost mutation: You tend to lose your temper in combat. [potion of mutation]
 24004 | Orc:2    | Lost mutation: Scrolls take you a little longer to read. [potion of mutation]
 24004 | Orc:2    | Gained mutation: You are agile. (Dex +2) [potion of mutation]
 24004 | Orc:2    | Gained mutation: Your spells are a little easier to cast, but a little less powerful. [potion of mutation]
 24004 | Orc:2    | Gained mutation: Your muscles are strong. (Str +2) [potion of mutation]
 24417 | Swamp:1  | Entered Level 1 of the Swamp
 24480 | Swamp:1  | Found a shattered altar of Ashenzari.
 24575 | Swamp:1  | Reached skill level 1 in Throwing
 24587 | Swamp:1  | Reached skill level 1 in Armour
 25171 | Swamp:2  | HP: 2/163 [six-headed hydra (8)]
 25176 | Swamp:1  | HP: 8/163 [poisoned by a swamp dragon (blast of poison)]
 25406 | Swamp:2  | You fall through a shaft!
 25588 | Swamp:2  | Noticed a thorn hunter
 25603 | Swamp:2  | Killed a thorn hunter
 26165 | Swamp:3  | Reached skill level 19 in Unarmed Combat
 26253 | Swamp:3  | Noticed Mara
 26255 | Swamp:3  | Noticed sking99's illusion
 26393 | Swamp:3  | Noticed sking99's illusion
 26398 | Swamp:3  | Killed Mara
 26913 | Swamp:4  | Entered Level 4 of the Swamp
 27188 | Swamp:4  | Noticed a thorn hunter
 27230 | Swamp:4  | Killed a thorn hunter
 27277 | Swamp:4  | Reached XP level 17. HP: 170/170 MP: 24/24
 27281 | Swamp:4  | Noticed the 27-headed Lernaean hydra
 27288 | Swamp:4  | Killed the 27-headed Lernaean hydra
 27400 | Swamp:4  | Noticed Jorgrun
 27411 | Swamp:4  | Killed Jorgrun
 27411 | Swamp:4  | Reached skill level 5 in Throwing
 27427 | Swamp:4  | Noticed Roxanne
 27512 | Swamp:4  | Killed Roxanne
 27513 | Swamp:4  | Identified Roxanne's Catalogue of Moulding (You took it off Roxanne on level 4 of the Swamp)
 27529 | Swamp:4  | Learned a level 6 spell: Statue Form
 27639 | Swamp:4  | Got a decaying rune of Zot
 27644 | Swamp:4  | Got a smoking hat
 27655 | Swamp:4  | Identified the +1 hat of the Voivode {Int+3 Slay+2} (You acquired it on level 4 of the Swamp)
 28262 | Snake:1  | Entered Level 1 of the Snake Pit
 28279 | Snake:1  | Reached skill level 1 in Earth Magic
 28348 | Snake:1  | Reached skill level 1 in Transmutations
 28371 | Snake:1  | Reached skill level 5 in Armour
 28413 | Snake:1  | Found a transporter.
 28417 | Snake:1  | Noticed TheNamelessOne's ghost (adept DgCj)
 28434 | Snake:1  | Found a transporter.
 29380 | Snake:2  | Found a sacrificial altar of Ru.
 29613 | Snake:2  | Reached skill level 20 in Unarmed Combat
 30079 | Snake:3  | Found a stormy altar of Qazlal.
 30177 | Snake:3  | Noticed Azrael
 30196 | Snake:3  | Killed Azrael
 30418 | Snake:4  | Entered Level 4 of the Snake Pit
 30549 | Snake:4  | Reached skill level 5 in Earth Magic
 30796 | Snake:4  | Reached XP level 18. HP: 167/179 MP: 25/25
 30928 | Snake:4  | Reached skill level 5 in Transmutations
 31426 | Snake:4  | Got a serpentine rune of Zot
 31947 | Vaults:1 | Entered Level 1 of the Vaults
 32946 | Vaults:1 | Reached XP level 19. HP: 187/187 MP: 26/26
 33265 | Vaults:1 | Found a white marble altar of Elyvilon.
 33300 | Vaults:1 | Reached skill level 10 in Shields
 33779 | Vaults:2 | Noticed Aizul
 33793 | Vaults:2 | Killed Aizul
 34115 | Vaults:2 | Reached skill level 10 in Earth Magic
 35194 | Vaults:3 | Noticed a lich
 35201 | Vaults:3 | Killed a lich
 35890 | Vaults:3 | Cast into level 3 of the Abyss (a deep elf demonologist)
 35942 | Vaults:3 | Escaped the Abyss
 35984 | Vaults:3 | Gained mutation: You tend to lose your temper in combat. [a cacodemon]
 36011 | Vaults:3 | Reached XP level 20. HP: 196/196 MP: 27/27
 36032 | Vaults:3 | Lost mutation: Your spells are a little easier to cast, but a little less powerful. [potion of mutation]
 36032 | Vaults:3 | Lost mutation: Your muscles are strong. (Str +2) [potion of mutation]
 36032 | Vaults:3 | Lost mutation: You tend to lose your temper in combat. [potion of mutation]
 36032 | Vaults:3 | Gained mutation: You are partially covered in iridescent scales. (AC +2) [potion of mutation]
 36032 | Vaults:3 | Gained mutation: Your muscles are strong. (Str +2) [potion of mutation]
 36032 | Vaults:3 | Gained mutation: You are very agile. (Dex +4) [potion of mutation]
 36102 | Vaults:3 | Found Uroethry's Magic Scroll Shoppe.
 36112 | Vaults:3 | Bought a scroll of fear for 80 gold pieces
 36112 | Vaults:3 | Bought a scroll of blinking for 172 gold pieces
 36494 | Vaults:3 | Found a staircase to the Crypt.
 36903 | Vaults:4 | Identified Vejaets's Guide on Flamy Air
 37741 | Vaults:4 | Reached skill level 10 in Transmutations
 37954 | Vaults:4 | HP: 4/196 [lich/bolt of acid (39)]
 37954 | Vaults:4 | Splashed by a lich's acid

Vault maps used:
D:1:      lemuel_arrival_cross, kennysheep_another_room,
          minmay_misc_feat_columns
D:2:      uniq_sigmund
D:4:      nicolae_gozag_cash_rules_everything_around_me, temple_green,
          grunt_ministairs_4
D:5:      nicolae_overflow_hidden_temple, ebering_ghost_disaster_area,
          first_ration, hex_intersection, minmay_hedge_maze
D:6:      marbit_many_paths, uniq_crazy_yiuf_cottage, uniq_pikel,
          uniq_blork_the_orc, uniq_duvessa
D:7:      the_bakery, uniq_menkaure
D:9:      david_lair_shrubbed, uniq_prince_ribbit1, uniq_grum
D:11:     minmay_holes, hex_medium, uniq_fannar
D:12:     orc_0_dummy
D:13:     grunt_vaults_entry_tiered
D:14:     kennysheep_big_empty_room, enter_bailey_8, uniq_frances
D:15:     grunt_enter_depths_magical_seal, grunt_decor_arrowhead,
          nicolae_barding_shop, uniq_urug, uniq_kirke
Temple:   regret_index_temple_waves
Lair:1:   gammafunk_ghost_ooze, basic_altar, nicolae_quartered_pool_medium
Lair:2:   minmay_lair_venomous_thicket, pond
Lair:3:   dummy_snake_entry, kennysheep_basilisk_garden, serial_bayou_shore_b,
          uniq_harold
Lair:4:   swamp_mist_pool, uniq_nessos
Lair:5:   nicolae_slime_entry_slimehenge, infiniplex_staircase_pool,
          lemuel_fruit_fields, uniq_rupert, uniq_josephine
Lair:6:   cheibrodos_lair_end_hotspot, lab_entry_generic
Swamp:1:  nicolae_swamp_godswood, infiniplex_staircase_pool_2
Swamp:2:  nicolae_swamp_dense_foliage
Swamp:3:  evilmike_swamp_ruin_house_6, swamp_pool2, statue_in_the_mist_lemuel,
          grunt_lady_of_the_lake, uniq_mara
Swamp:4:  grunt_swamp_rune_castle, uniq_jorgrun, uniq_roxanne
Snake:1:  gammafunk_ghost_arena, serial_bayou_shore_b
Snake:2:  basic_altar
Snake:3:  basic_altar, uniq_azrael
Snake:4:  johnstein_snake_rune_scales
Orc:1:    nicolae_orc_accident_2, gammafunk_ghost_grave, serial_shops,
          nicolae_shop_trees
Orc:2:    grunt_orc_gardens, grunt_orc_garden, grunt_orc_garden,
          grunt_orc_garden, grunt_orc_garden
Vaults:1: v_misc_18, grunt_vaults_twisty, v_rooms_2, v_misc_26,
          vaults_dpeg_cross, nicolae_vaults_stairing_the_circle,
          ontoclasm_vaults_decontamination, nicolae_vaults_display_case,
          nicolae_vaults_little_squares_3, dpeg_vaults_monster_row, basic_altar
Vaults:2: ontoclasm_vaults_loading_screen, ontoclasm_vaults_shout,
          v_alt_pattern_5, nicolae_vaults_rhombus_6, v_misc_16,
          ontoclasm_vaults_spin, v_misc_10, uniq_aizul
Vaults:3: hangedman_vaults_maws, ontoclasm_vaults_ligature,
          nicolae_vaults_little_squares_6, st_lattice,
          minmay_crypt_entry_simple_walls, vaults_mumra_chevron_long,
          ontoclasm_vaults_fault, v_misc_27, serial_shops,
          nicolae_shop_window_shopping
Vaults:4: ontoclasm_vaults_claustrophobia, hangedman_vaults_impose,
          nicolae_vaults_border_crossing, st_greater_box_2,
          nicolae_vaults_ring_of_whatevers,
          nicolae_vaults_windows_and_doors_thing, nicolae_vaults_alarming,
          nicolae_vaults_little_squares_1, vaults_room_semicircle,
          nicolae_vaults_yaktaur_gun_rack, nicolae_vaults_ring_of_whatevers,
          nicolae_vaults_network_periphery, grunt_vaults_funnel,
          vaults_room_pool, serial_shops, nicolae_shop_stone, shop, shop
Abyss:3:  minivault_24, minivault_13
Lab:      nicolae_lab_garden, lab_statue, nicolae_lab_blocks,
          labyrinth_skeletal_remains, nicolae_lab_quarters, lab_hedge
Bailey:   bailey_axe_of_yendor_kennysheep, bailey

Skill      XL: |  1  2  3  4  5  6  7  8  9 10 11 12 13 14 15 16 17 18 19 20 |
---------------+-------------------------------------------------------------+-----
Fighting       | 3 4 5 6 7 8 9 10 11 | 11.5
Dodging        | 3 4 5 6 7 8 9 10 | 10.6
Unarmed Combat | 4 5 6 7 8 9 11 12 14 16 18 19 20 | 20.0
Invocations    | 2 4 5 7 9 10 11 | 11.2
Shields        | 1 6 8 9 11 12 | 12.0
Hexes          | 4 |  4.0
Throwing       | 4 5 |  5.2
Armour         | 4 6 |  6.8
Earth Magic    | 5 9 11 | 11.8
Transmutations | 4 7 9 10 | 10.1
Stealth        | |  1.0

Action                   |  1- 3 |  4- 6 |  7- 9 | 10-12 | 13-15 | 16-18 | 19-21 || total
-------------------------+-------+-------+-------+-------+-------+-------+-------++-------
Melee: Unarmed           |    76 |   113 |   344 |   665 |  1380 |  1442 |   838 ||  4858
       Punch             |       |     1 |    18 |    32 |       |       |       ||    51
       Staff             |       |       |       |       |       |    45 |   188 ||   233
Invok: Minor Destruction |       |       |     7 |    16 |       |       |       ||    23
       Lesser Servant of |       |       |       |     7 |    28 |     3 |       ||    38
       Major Destruction |       |       |       |       |     1 |     3 |     2 ||     6
       Greater Servant o |       |       |       |       |     4 |    10 |       ||    14
Evoke: Wand              |       |       |       |       |     3 |       |       ||     3
  Use: Potion            |     2 |       |     2 |     3 |     6 |     4 |     2 ||    19
       Scroll            |       |       |       |    25 |    12 |    14 |     2 ||    53
 Stab: Sleeping          |     3 |     2 |       |     4 |     2 |       |       ||    11
       Invisible         |     1 |       |       |       |       |       |       ||     1
       Distracted        |       |     1 |       |     3 |     7 |     6 |       ||    17
  Eat: Chunk             |    12 |    19 |    34 |    63 |    94 |    69 |    48 ||   339
       Ration            |       |       |       |       |       |     5 |     1 ||     6
Armor: Robe              |    35 |    36 |    66 |    92 |    62 |       |       ||   291
       Skin              |     6 |       |    10 |     1 |       |       |       ||    17
       Troll leather arm |       |       |       |       |    86 |    22 |       ||   108
       Swamp dragon scal |       |       |       |       |       |   241 |   101 ||   342
       Fire dragon scale |       |       |       |       |       |    18 |    31 ||    49
Dodge: Dodged            |    57 |    71 |   156 |   494 |   706 |  1037 |   432 ||  2953
Block: Shield            |       |       |       |    22 |   660 |   862 |       ||  1544
       Large shield      |       |       |       |       |       |   183 |   873 ||  1056

Table legend:
 A = Spawn XP
 B = Non-spawn XP
 C = Spawn XP percentage of total XP
 D = Spawn monster count
 E = Non-spawn monster count
 F = Spawn count percentage of total count
 G = Total turns spent on level
                    A         B        C        D         E        F      G
               +---------+---------+-------+---------+---------+-------+---------
         Total |    1623 |  516856 |   0.3 |       4 |    1350 |   0.3 | 37954
               +---------+---------+-------+---------+---------+-------+---------
           D:1 |       0 |      30 |   0.0 |       0 |      17 |   0.0 |   644
           D:2 |       0 |     231 |   0.0 |       0 |      12 |   0.0 |   848
           D:3 |       0 |     150 |   0.0 |       0 |      26 |   0.0 |   933
           D:4 |       0 |     401 |   0.0 |       0 |      14 |   0.0 |   883
           D:5 |       0 |    1558 |   0.0 |       0 |      22 |   0.0 |  1138
           D:6 |       0 |     979 |   0.0 |       0 |      20 |   0.0 |   828
           D:7 |       0 |    2062 |   0.0 |       0 |      36 |   0.0 |  1194
           D:8 |       0 |     830 |   0.0 |       0 |      16 |   0.0 |   534
           D:9 |       0 |    1941 |   0.0 |       0 |      19 |   0.0 |  1143
          D:10 |       0 |     724 |   0.0 |       0 |       8 |   0.0 |   572
          D:11 |       0 |    7044 |   0.0 |       0 |      25 |   0.0 |   745
          D:12 |       0 |    5752 |   0.0 |       0 |      40 |   0.0 |   984
          D:13 |       0 |   13187 |   0.0 |       0 |      42 |   0.0 |   994
          D:14 |       0 |   13778 |   0.0 |       0 |      53 |   0.0 |   957
          D:15 |       0 |   22401 |   0.0 |       0 |      47 |   0.0 |  1314
        Lair:1 |       0 |    4717 |   0.0 |       0 |      24 |   0.0 |  1105
        Lair:2 |       0 |   10918 |   0.0 |       0 |      59 |   0.0 |  1878
        Lair:3 |       0 |    6645 |   0.0 |       0 |      26 |   0.0 |  1296
        Lair:4 |       0 |    4455 |   0.0 |       0 |      18 |   0.0 |   942
        Lair:5 |       0 |    9986 |   0.0 |       0 |      35 |   0.0 |   953
        Lair:6 |       0 |   17809 |   0.0 |       0 |      67 |   0.0 |  1856
       Swamp:1 |       0 |   11835 |   0.0 |       0 |      31 |   0.0 |   882
       Swamp:2 |       0 |    9968 |   0.0 |       0 |      20 |   0.0 |   886
       Swamp:3 |       0 |   22816 |   0.0 |       0 |      34 |   0.0 |   876
       Swamp:4 |       0 |   32986 |   0.0 |       0 |      60 |   0.0 |  1163
       Snake:1 |       0 |   11226 |   0.0 |       0 |      19 |   0.0 |   691
       Snake:2 |       0 |   15561 |   0.0 |       0 |      30 |   0.0 |   986
       Snake:3 |       0 |   16529 |   0.0 |       0 |      31 |   0.0 |   599
       Snake:4 |       0 |   51162 |   0.0 |       0 |      82 |   0.0 |  1159
         Orc:1 |       0 |    3224 |   0.0 |       0 |      24 |   0.0 |   604
         Orc:2 |       0 |   11325 |   0.0 |       0 |      34 |   0.0 |   862
      Vaults:1 |       0 |   64340 |   0.0 |       0 |     117 |   0.0 |  1768
      Vaults:2 |       0 |   43300 |   0.0 |       0 |      61 |   0.0 |  1449
      Vaults:3 |       0 |   43402 |   0.0 |       0 |      62 |   0.0 |  1633
      Vaults:4 |       0 |   36097 |   0.0 |       0 |      53 |   0.0 |  1060
       Abyss:2 |     963 |   10809 |   8.2 |       2 |      14 |  12.5 |   189
       Abyss:3 |     660 |       0 | 100.0 |       2 |       0 | 100.0 |    52
           Lab |       0 |    3401 |   0.0 |       0 |       9 |   0.0 |   670
        Bailey |       0 |    3277 |   0.0 |       0 |      43 |   0.0 |   528
               +---------+---------+-------+---------+---------+-------+---------
